AoeStats
← E1jefe28

Black Forest

510911693Analyzed
3v3 RM · 16h ago on Oct 3, 2026· 74m 21s· 6 players
Game mode
Random Map
Map size
Normal (6 player)
Population
200
Speed
Normal
Resources
Standard
Victory
Conquest
Starting age
Dark Age
Ending age
Imperial Age
RankedLock teamsTeams togetherTeam positionsShared explorationLock speedFull tech treeHidden civsTurbo modeCheats
Victory
Defeat
🇺🇸 Saracens · United States
1112
+13
🇺🇸 Bulgarians · United States
1038
+16
🇺🇸 Khmer · United States
1022
+16
🇲🇽 Mongols · Mexico
1100
-18
🇨🇱 Khmer · Chile
1012
-14
🇦🇷 Byzantines · Argentina
995
-13
blackflysah
0:28 Loom
12:08 Feudal Age
12:59 Double-Bit Axe
15:23 Castle Age
15:10 Gold Mining
15:03 Horse Collar
19:10 Town Watch
20:55 Fletching
22:05 Bodkin Arrow
26:01 Padded Archer Armor
27:48 Leather Archer Armor
29:13 Ballistics
30:10 Heavy Plow
35:11 Wheelbarrow
37:58 Imperial Age
36:39 Fortified Wall
38:22 Gold Shaft Mining
40:38 Bracer
40:36 Murder Holes
41:42 Chemistry
43:07 Bloodlines
42:18 Light Cavalry
42:59 Husbandry
43:11 Forging
43:07 Scale Barding Armor
45:45 Hussar
46:01 Elite Mangudai
53:15 Iron Casting
53:01 Chain Barding Armor
54:11 Bow Saw
54:17 Hand Cart
54:02 Town Patrol
55:44 Blast Furnace
64:14 Cavalier
64:55 Scale Mail Armor
PIPEX1356
3:32 Loom
11:57 Feudal Age
12:39 Double-Bit Axe
13:16 Horse Collar
17:02 Castle Age
16:58 Stone Mining
17:13 Gold Mining
18:32 Husbandry
20:14 Heavy Plow
22:31 Fervor
23:33 Wheelbarrow
23:20 Caravan
25:23 Bow Saw
29:09 Tusk Swords
32:27 Gold Shaft Mining
32:27 Stone Shaft Mining
35:33 Imperial Age
33:21 Hand Cart
34:00 Ballistics
34:13 Scale Barding Armor
34:19 Forging
34:06 Murder Holes
35:20 Fletching
35:31 Padded Archer Armor
36:00 Chain Barding Armor
35:54 Bloodlines
36:21 Capped Ram
36:46 Heavy Scorpion
38:42 Chemistry
38:19 Double Crossbow
38:49 Siege Engineers
39:59 Elite Battle Elephant
40:07 Siege Ram
42:02 Iron Casting
42:03 Plate Barding Armor
42:05 Crop Rotation
43:45 Blast Furnace
42:40 Bodkin Arrow
43:00 Leather Archer Armor
42:28 Elite Ballista Elephant
49:03 Light Cavalry
49:55 Hussar
54:53 Ring Archer Armor
54:24 Bracer
54:36 Masonry
54:18 Heated Shot
54:38 Fortified Wall
54:38 Clinker Construction
54:39 Careening
54:31 Scale Mail Armor
54:07 Cavalier
72:52 Hoardings
71:47 Sappers
HelChelo
0:51 Loom
14:06 Feudal Age
18:13 Double-Bit Axe
19:48 Horse Collar
22:31 Fletching
25:51 Castle Age
24:22 Stone Mining
24:24 Gold Mining
30:44 Imperial Age
29:54 Gold Shaft Mining
31:54 Ballistics
31:18 Pikeman
31:59 Squires
31:46 Gambesons
32:54 Stone Shaft Mining
33:43 Chemistry
34:23 Wheelbarrow
34:29 Bow Saw
40:32 Forging
40:23 Scale Mail Armor
40:19 Bodkin Arrow
40:37 Elite Skirmisher
41:22 Thumb Ring
41:57 Fortified Wall
44:05 Halberdier
44:31 Arson
45:24 Iron Casting
45:06 Chain Mail Armor
44:52 Bracer
55:02 Conscription
55:30 Plate Mail Armor
55:02 Padded Archer Armor
59:20 Leather Archer Armor
E1jefe28
0:32 Loom
13:48 Feudal Age
18:47 Castle Age
17:56 Double-Bit Axe
18:17 Horse Collar
23:25 Wheelbarrow
27:11 Gold Mining
34:12 Imperial Age
32:31 Light Cavalry
33:56 Bow Saw
33:53 Heavy Plow
34:53 Double Crossbow
35:08 Hussar
36:00 Bloodlines
35:51 Husbandry
35:55 Heavy Scorpion
37:57 Conscription
40:40 Caravan
41:53 Chemistry
41:03 Scale Barding Armor
41:08 Forging
41:58 Crop Rotation
53:24 Iron Casting
58:10 Ballistics
58:14 Chain Barding Armor
58:58 Blast Furnace
Reaper20131
0:39 Loom
14:00 Feudal Age
18:09 Castle Age
17:28 Arson
18:18 Double-Bit Axe
26:19 Fletching
26:00 Elite Skirmisher
29:35 Pikeman
30:01 Gambesons
30:17 Squires
33:11 Thumb Ring
39:41 Imperial Age
39:07 Bodkin Arrow
39:13 Padded Archer Armor
39:19 Scale Barding Armor
39:25 Forging
39:18 Scale Mail Armor
39:23 Caravan
41:06 Stirrups
41:46 Conscription
42:26 Wheelbarrow
41:45 Gold Mining
42:09 Bow Saw
43:05 Chemistry
45:14 Onager
46:29 Elite Konnik
49:35 Chain Barding Armor
49:20 Bracer
49:56 Iron Casting
51:55 Blast Furnace
51:31 Plate Barding Armor
52:24 Siege Onager
57:40 Halberdier
GHETTO LENNY
5:00 Loom
11:12 Feudal Age
15:34 Castle Age
13:29 Double-Bit Axe
16:48 Bow Saw
21:35 Horse Collar
23:50 Wheelbarrow
24:55 Heavy Plow
25:21 Scale Barding Armor
26:10 Chain Barding Armor
26:53 Forging
29:20 Iron Casting
30:15 Husbandry
30:25 Bloodlines
31:16 Hand Cart
34:29 Imperial Age
35:00 Elite Mameluke
35:45 Caravan
36:19 Onager
38:11 Plate Barding Armor
38:36 Blast Furnace
38:48 Two-Man Saw
38:48 Counterweights
39:58 Chemistry
40:22 Siege Engineers
40:26 Siege Onager
41:40 Fortified Wall
43:32 Conscription
42:41 Light Cavalry
46:13 Ballistics
51:00 Fletching
50:33 Hussar
51:33 Bodkin Arrow
51:38 Padded Archer Armor
60:18 Murder Holes
60:50 Capped Ram
71:59 Siege Ram
Connection lost

Rejoining the realm…

Still unreachable

The connection could not be restored.

Session expired

The server has moved on; the page needs a fresh start.